 Dungeon Crawl Stone Soup version 0.25.0-26-g0c896c7088 (webtiles) character file.

Game seed: 15425963457230227733

100132 protoss039 the Sorcerer (level 15, -3/93 HPs)
             Began as a Deep Elf Earth Elementalist on July 1, 2020.
             Was a High Priest of Vehumet.
             Slain by a komodo dragon (13 damage)
             ... on level 6 of the Lair of Beasts on July 2, 2020.
             The game lasted 02:17:26 (34301 turns).

protoss039 the Sorcerer (DEEE)                     Turns: 34301, Time: 02:17:27

Health: -3/93      AC: 30    Str:  7    XL:     15   Next: 79%
Magic:  30/43      EV: 13    Int: 30    God:    Vehumet [*****.]
Gold:   1118       SH:  0    Dex: 15    Spells: 27/59 levels left

rFire    + . .     SeeInvis +   F - +4 halberd "Neaciq" {holy, Str+2 SInv}
rCold    + . .     Gourm    .   (shield currently unavailable)
rNeg     + + .     Faith    .   (armour currently unavailable)
rPois    ∞         Spirit   .   N - +0 helmet
rElec    +         Reflect  .   r - scarf {rC+ rF+}
rCorr    +         Harm     .   (gloves currently unavailable)
MR       +....                  (boots currently unavailable)
Stlth    ++........             (no amulet)
HPRegen  0.25/turn              D - ring of positive energy
MPRegen  0.28/turn              H - ring of the Ladybird {rCorr Int+3}

@: statue-form, berserk cooldown, slowed, studying Axes, very slow
A: no striking features
a: End Transformation, Renounce Religion


You were on level 6 of the Lair of Beasts.
You worshipped Vehumet.
Vehumet was extremely pleased with you.
You were not hungry.
You were a stone statue.
You visited 3 branches of the dungeon, and saw 22 of its levels.
You also visited: Sewer, Gauntlet and Volcano.

You collected 1597 gold pieces.
You spent 479 gold pieces at shops.

Inventory:

Hand Weapons
 F - the +4 halberd "Neaciq" (weapon) {holy, Str+2 SInv}
   (You bought it in a shop on level 9 of the Dungeon)

   It has been blessed by the Shining One to cause great damage to the undead
   and demons.
   It affects your strength (+2).
   It lets you see invisible.
 Z - the +5 flail "Toax" {freeze, rPois Str+3}
   (You found it in a Gauntlet)

   It has been specially enchanted to freeze those struck by it, causing extra
   injury to most foes and up to half again as much damage against particularly
   susceptible opponents.
   It can also slow down cold-blooded creatures.
   It affects your strength (+3).
   It protects you from poison.
Missiles
 x - 381 stones (quivered)
Armour
 e - +0 acid dragon scales
 r - a scarf of resistance (worn)
 A - a +0 pair of boots (melded)
 N - a +0 helmet (worn)
 R - +2 fire dragon scales
 U - a +0 leather armour of fire resistance (melded)
Magical Staves
 P - an uncursed staff of death
Jewellery
 n - an uncursed ring of flight {unknown}
 o - an uncursed ring of poison resistance
 s - an uncursed ring of see invisible
 D - a ring of positive energy (left hand)
 H - the ring of the Ladybird (right hand) {rCorr Int+3}
   (You found it on level 7 of the Dungeon)

   [ring of resist corrosion]

   It affects your intelligence (+3).
   It provides partial protection from all sources of acid and corrosion.
Wands
 g - a wand of acid (21)
 y - a wand of digging (5)
 C - a wand of disintegration (21)
 M - a wand of iceblast (27)
 T - a wand of clouds (4)
Scrolls
 a - 3 scrolls of noise {unknown}
 c - 3 scrolls of magic mapping
 j - 6 scrolls of enchant armour
 m - 2 scrolls of amnesia
 p - 5 scrolls of fog
 q - 10 scrolls of teleportation
 t - 8 scrolls of remove curse
 v - a scroll of summoning {unknown}
 w - 5 scrolls of blinking {unknown}
 J - 2 scrolls of holy word {unknown}
 K - 4 scrolls of enchant weapon {unknown}
 O - a scroll of brand weapon
 Q - 3 scrolls of random uselessness {unknown}
Potions
 b - 2 potions of resistance
 h - 3 potions of magic
 i - 4 potions of haste
 k - 5 potions of mutation
 l - 8 potions of flight
 u - 2 potions of ambrosia
 B - 6 potions of lignification
 E - 2 potions of curing
 I - 2 potions of stabbing
 L - 3 potions of berserk rage
 V - a potion of invisibility
 X - 3 potions of brilliance
 Y - 4 potions of might
Books
 S - a manual of Axes
Comestibles
 d - 27 rations


   Skills:
 - Level 2.5 Polearms
 - Level 2.4 Dodging
 - Level 2.4 Stealth
 * Level 22.9 Spellcasting
 + Level 8.9 Conjurations
 + Level 4.1 Transmutations
 + Level 19.1 Earth Magic


You had 27 spell levels left.
You knew the following spells:

 Your Spells              Type           Power        Failure   Level  Hunger
a - Sandblast             Erth           ######       0%          1    None
b - Passwall              Tmut/Erth      #######.     0%          2    None
c - Stone Arrow           Conj/Erth      ######       0%          3    None
d - Petrify               Tmut/Erth      #######.     1%          4    None
e - Lee's Rapid Deconstr  Erth           #######...   0%          5    None
f - Iron Shot             Conj/Erth      #######...   1%          6    None
g - Fireball              Conj/Fire      ######....   1%          5    None
h - Statue Form           Tmut/Erth      #######..    1%          6    None

Your spell library contained the following spells:

 Spells                   Type           Power        Failure   Level  Hunger
 Conjure Ball Lightning   Conj/Air       ######....   6%          6    None
 Animate Skeleton         Necr           N/A          1%          1    None
 Apportation              Tloc           ####..       1%          1    None
 Corona                   Hex            ####...      1%          1    None
 Foxfire                  Conj/Fire      ####         1%          1    None
 Pain                     Necr           ####         1%          1    None
 Sting                    Tmut/Pois      ####         1%          1    None
 Summon Small Mammal      Summ           ####         1%          1    None
 Corpse Rot               Necr/Air       N/A          1%          2    None
 Ensorcelled Hibernation  Hex/Ice        ####..       1%          2    None
 Poisonous Vapours        Pois/Air       ####..       1%          2    None
 Song of Slaying          Chrm           ####....     1%          2    None
 Sublimation of Blood     Necr           ####......   1%          2    None
 Swiftness                Chrm/Air       ####....     1%          2    None
 Conjure Flame            Conj/Fire      ######..     1%          3    None
 Ignite Poison            Fire/Tmut/Pois #####...     1%          3    None
 Inner Flame              Hex/Fire       ####....     1%          3    None
 Mephitic Cloud           Conj/Pois/Air  ######..     1%          3    None
 Sticky Flame             Conj/Fire      ######..     1%          4    None
 Bolt of Magma            Conj/Fire/Erth ######....   1%          5    None
 Borgnjor's Vile Clutch   Necr/Erth      #######...   1%          5    None
 Irradiate                Conj/Tmut      ######....   1%          5    None
 Iskenderun's Battlesphe  Conj/Chrm      ######..     1%          5    None
 Confusing Touch          Hex            ####....     2%          3    None
 Gell's Gravitas          Tloc           ####......   2%          3    None
 Ozocubu's Armour         Chrm/Ice       ####....     2%          3    None
 Vampiric Draining        Necr           ####......   2%          3    None
 Olgreb's Toxic Radiance  Pois           ####....     2%          4    None
 Yara's Violent Unravell  Hex/Tmut       #####.....   3%          5    None
 Orb of Destruction       Conj           ######....   5%          7    #......
 Animate Dead             Necr           N/A          10%         4    None
 Dispel Undead            Necr           ####....     10%         4    None
 Freezing Cloud           Conj/Ice/Air   ######....   11%         6    None
 Agony                    Necr           ####....     26%         5    None
 Excruciating Wounds      Chrm/Necr      ####......   26%         5    None
 Metabolic Englaciation   Hex/Ice        ####......   26%         5    None
 Silence                  Hex/Air        ####......   26%         5    None
 Hydra Form               Tmut           ######....   26%         6    None
 Spellforged Servitor     Conj/Summ      ######....   30%         7    #......
 Darkness                 Hex            ####......   82%         6    None
 Shadow Creatures         Summ           N/A          82%         6    None
 Dragon Form              Tmut           ######....   82%         7    #......
 Ring of Flames           Chrm/Fire      ####......   100%        7    #......


Dungeon Overview and Level Annotations

Branches:
Dungeon (15/15)            Temple (1/1) D:6            Lair (6/6) D:9
  Swamp (0/4) Lair:4       Spider (0/4) Lair:4        Slime (0/5) Lair:6
    Orc (0/2) D:12         Vaults (0/5) D:13         Depths (0/5) D:15
  Sewer (visited)         Volcano (visited)         Gauntlet (visited)

Altars:
Ashenzari
Cheibriados
Dithmenos
Elyvilon
Fedhas
Gozag
Hepliaklqana
Kikubaaqudgha
Makhleb
Nemelex Xobeh
Okawaru
Qazlal
Ru
Sif Muna
Trog
Uskayaw
Vehumet
Wu Jian
Xom
Yredelemnul
Zin
The Shining One
Jiyva

Shops:
D:5 :   D:8 *   D:9 (%[=   D:12 (

Portals:
Trove: D:10 (give 6 potions of haste)

Annotations:
D:6 2 transporters, SamuraiZach's ghost, novice TrMo
D:11 1 exclusion
D:12 1 exclusion
Lair:1 3 exclusions


Message History

Unknown command.
Unknown command.
You are too berserk!
You feel a strong urge to attack something.
The crocodile misses you.
Unknown command.
Unknown command.
You are no longer berserk.
You are exhausted.
You feel yourself slow down. The crocodile bites you!
* * * LOW HITPOINT WARNING * * *
There is a stone staircase leading up here.
Unknown command.
Unknown command.
Unknown command.
Okay, then.
Okay, then.
Okay, then.
You feel better. The komodo dragon bites you!
You die...

,,,,,,,,,,***,,,*##....#**,,,,,,,
,,,,,,,,,<.**..+P#.....P#*,,,,,,,
,,,,,*,,,..###....#.....#,,,*,,,,
*,,,,*,,,...............####*#**,
,,,,*,,,,..................#P###,
,,,,,,,,,.......................,
,,,,,,,,,.......................,
,,,,,,,,,................###,,,,,
,,,*,,*,,.......8lD.....##.##***,
*,,***,,,..#P..#t#.....##..÷###**
,,*,**,,,,,####.###...#.#.#...##*
,,*,,**,,,,,,*#.**#P...##.#....#*
*,,,***,,,**,,..,*##..#.#.###.##*
,,,,,*,,,,*,*...,,#....#....###**
,,,***,,,,,*#...,,#....#.....# *,
*,,,,*,,,,,*#..#.#.#...###...# **
**,,,,,,,,,*,+,........###P..##**


You could see a five-headed hydra, a komodo dragon and a crocodile.

Vanquished Creatures
  Kirke (D:14)
  Nessos (D:14)
  A minotaur (Gauntlet)
  Josephine (Lair:4)
  A yaktaur captain (D:15)
  4 vault guards (D:13)
  13 hydras
  5 centaur warriors
  9 death yaks
  2 ogre magi
  A death knight (D:15)
  13 two-headed ogres
  2 tengu warriors
  Urug (Lair:2)
  6 skeletal warriors
  A hell knight (Volcano)
  A wizard (D:13)
  2 unseen horrors (D:11)
  An orange crystal statue (Gauntlet)
  A deep elf archer (D:13)
  2 wolf spider zombies
  2 orc knights
  A deep elf mage (D:15)
  An orc sorcerer (D:13)
  4 cyclopes
  A manticore (D:15)
  3 black mambas
  5 elephants (Lair:2)
  Maurice (D:9)
  2 molten gargoyles (Volcano)
  6 gargoyles
  10 spiny frogs
  An efreet (D:15)
  5 komodo dragons
  A rime drake (Lair:3)
  A yaktaur (D:13)
  2 queen bees
  A jumping spider (shapeshifter) (D:9)
  3 meliai (D:15)
  A tyrant leech (Gauntlet)
  4 jumping spiders (Lair:4)
  10 trolls
  12 slime creatures (D:12)
  7 blink frogs
  9 hippogriffs
  4 redbacks (Lair:4)
  46 yaks
  6 wraiths
  6 wyverns
  2 fire bats (Volcano)
  3 hungry ghosts
  7 hogs (D:14)
  The ghost of lepoulpe303 the Skirmisher, an amateur DsAK of Lugonu (D:3)
  8 basilisks
  4 vampire mosquitoes
  A warg (D:15)
  A soldier ant (D:14)
  7 swamp worms
  2 hell hounds (Lair:6)
  2 acid dragons
  14 water moccasins
  13 porcupines
  3 phantoms
  3 sky beasts
  An ice beast (D:10)
  14 orc warriors
  A black bear (D:9)
  13 wolves
  6 ogres
  A boggart (D:9)
  15 centaurs
  9 crocodiles
  4 big kobolds
  A wyvern zombie (D:13)
  16 bullfrogs
  9 scorpions
  18 wights
  53 killer bees
  An electric eel (Lair:4)
  8 crimson imps
  3 lava snakes (Volcano)
  3 centaur zombies
  A jelly (D:11)
  7 hounds
  17 orc wizards
  15 orc priests
  4 bullfrog skeletons
  13 centaur skeletons
  5 iguanas
  10 worker ants
  A hound zombie (D:8)
  2 howler monkey zombies (D:5)
  A worker ant zombie (D:11)
  10 adders
  7 shadow imps
  An ooze (D:1)
  2 worms
  3 dart slugs
  14 leopard geckos
  67 orcs
  12 giant cockroaches
  10 goblins
  8 hobgoblins
  21 jackals
  4 quokkas
  2 ball pythons (D:3)
  A ball python skeleton (D:4)
  12 bats
  6 frilled lizards
  A jackal skeleton (D:4)
  20 kobolds
  A leopard gecko skeleton (D:4)
  11 rats
  7 fungi
767 creatures vanquished.

Vanquished Creatures (others)
  A jelly (D:15)
  10 fungi
  27 plants
38 creatures vanquished.

Grand Total: 805 creatures vanquished

Notes
Turn   | Place    | Note
-------+----------+-------------------------------------------
     0 | D:1      | protoss039 the Deep Elf Earth Elementalist began the quest
                  | for the Orb.
     0 | D:1      | Reached XP level 1. HP: 10/10 MP: 6/6
   237 | D:1      | Reached XP level 2. HP: 15/15 MP: 6/8
   691 | D:1      | Reached XP level 3. HP: 19/19 MP: 6/10
  1124 | D:2      | Learned a level 2 spell: Passwall
  1128 | D:2      | Learned a level 3 spell: Stone Arrow
  1147 | D:2      | Reached skill level 4 in Spellcasting
  1551 | D:2      | Reached XP level 4. HP: 24/24 MP: 9/12
  1609 | D:2      | Reached skill level 5 in Spellcasting
  1609 | D:2      | Reached skill level 5 in Earth Magic
  1719 | D:2      | Reached XP level 5. HP: 28/28 MP: 9/14
  2067 | D:3      | Found a glowing drain.
  2343 | Sewer    | Entered a sewer
  3202 | D:3      | Reached skill level 6 in Spellcasting
  3607 | D:4      | Reached XP level 6. HP: 32/32 MP: 11/17
  4189 | D:4      | Learned a level 4 spell: Petrify
  4195 | D:4      | Learned a level 5 spell: Lee's Rapid Deconstruction
  4342 | D:4      | Reached XP level 7. HP: 36/36 MP: 10/19
  4345 | D:4      | Reached skill level 7 in Spellcasting
  4346 | D:4      | Reached skill level 1 in Conjurations
  4915 | D:4      | Found a runed translucent gate.
  4928 | D:4      | Found a runed translucent gate.
  4928 | D:4      | Found a runed translucent gate.
  4930 | D:4      | Noticed lepoulpe303's ghost (amateur DsAK)
  5786 | D:3      | Killed lepoulpe303's ghost
  5786 | D:3      | Reached skill level 8 in Spellcasting
  5786 | D:3      | Reached XP level 8. HP: 15/41 MP: 0/22
  6243 | D:5      | Entered Level 5 of the Dungeon
  6766 | D:5      | Found Tabitwy's Book Shoppe.
  7186 | D:5      | Found a shimmering blue altar of Sif Muna.
  7418 | D:6      | Reached skill level 9 in Spellcasting
  7889 | D:6      | Reached skill level 10 in Earth Magic
  8180 | D:6      | Found a transporter.
  8181 | D:6      | Found a transporter.
  8181 | D:6      | Noticed SamuraiZach's ghost (novice TrMo)
  8213 | D:6      | Found a staircase to the Ecumenical Temple.
  8254 | Temple   | Entered the Ecumenical Temple
  8313 | Temple   | Became a worshipper of Vehumet
  8590 | D:7      | Got a faintly glowing glass ring
  8622 | D:7      | Reached XP level 9. HP: 45/45 MP: 13/24
  8847 | D:7      | Reached skill level 10 in Spellcasting
  9119 | D:7      | Reached * piety under Vehumet
  9119 | D:7      | Offered knowledge of Magic Dart by Vehumet.
 10185 | D:8      | Offered knowledge of Shock by Vehumet.
 10437 | D:8      | Reached ** piety under Vehumet
 10505 | D:8      | Reached skill level 11 in Spellcasting
 11084 | D:8      | Found Peum's General Store.
 11092 | D:8      | Bought a scroll of enchant armour for 75 gold pieces
 11092 | D:8      | Bought a potion of might for 40 gold pieces
 11092 | D:8      | Bought a potion of stabbing for 40 gold pieces
 11179 | D:9      | Found Gauh's Food Emporium.
 11190 | D:9      | Identified the ring of the Ladybird {rCorr Int+3} (You
                  | found it on level 7 of the Dungeon)
 11201 | D:9      | Found Zots's Armour Emporium.
 11204 | D:9      | Found Ocemeg's Jewellery Emporium.
 11395 | D:9      | Reached XP level 10. HP: 50/50 MP: 18/27
 11445 | D:9      | Found a bloodstained altar of Trog.
 11448 | D:9      | Found a sacrificial altar of Ru.
 11451 | D:9      | Found an iron altar of Okawaru.
 11665 | D:9      | Learned a level 6 spell: Iron Shot
 11865 | D:9      | Offered knowledge of Frozen Ramparts by Vehumet.
 11931 | D:9      | Found a staircase to the Lair.
 12264 | D:9      | Noticed a centaur warrior
 12270 | D:9      | Reached skill level 5 in Conjurations
 12270 | D:9      | Killed a centaur warrior
 12270 | D:9      | Reached skill level 12 in Spellcasting
 12282 | D:9      | Noticed a two-headed ogre
 12285 | D:9      | Killed a two-headed ogre
 12285 | D:9      | Reached *** piety under Vehumet
 12306 | D:9      | Noticed a two-headed ogre
 12307 | D:9      | Noticed Maurice
 12311 | D:9      | HP: 1/75 [two-headed ogre/cursed -2 giant club (15)]
 12312 | D:9      | Killed a two-headed ogre
 12312 | D:9      | Reached XP level 11. HP: 1/54 MP: 17/29
 12312 | D:9      | Killed Maurice
 12563 | D:9      | Found a runed translucent door.
 12564 | D:9      | Found a runed translucent door.
 13088 | D:9      | Found Catudik's Antique Weapon Shoppe.
 13356 | D:9      | Bought a masterwork halberd for 324 gold pieces
 13356 | D:9      | Identified the +4 halberd "Neaciq" {holy, Str+2 SInv} (You
                  | bought it in a shop on level 9 of the Dungeon)
 13400 | D:10     | Entered Level 10 of the Dungeon
 13608 | D:10     | Offered knowledge of Olgreb's Toxic Radiance by Vehumet.
 13887 | D:10     | Reached skill level 13 in Spellcasting
 14424 | D:10     | Found a portal to a secret trove of treasure.
 14728 | D:11     | Noticed an unseen horror
 14732 | D:11     | Killed an unseen horror
 14732 | D:11     | Reached skill level 15 in Earth Magic
 14794 | D:11     | Found a gate leading to a gauntlet.
 14833 | Gauntlet | Entered a Gauntlet
 14833 | Gauntlet | Found a transporter.
 14833 | Gauntlet | Noticed a death drake
 14837 | Gauntlet | Found a transporter.
 14853 | Gauntlet | Found a transporter.
 14857 | Gauntlet | Found a transporter.
 14877 | Gauntlet | Found a transporter.
 14877 | Gauntlet | Noticed an orange crystal statue
 14890 | Gauntlet | Found a transporter.
 14901 | Gauntlet | Noticed a hell hog
 14903 | Gauntlet | Found a transporter.
 14923 | Gauntlet | Found a transporter.
 14927 | Gauntlet | Found a transporter.
 14929 | Gauntlet | Found a runed translucent door.
 14930 | Gauntlet | Noticed a white ugly thing
 14930 | Gauntlet | Noticed a red ugly thing
 14931 | Gauntlet | Found a runed translucent door.
 14931 | Gauntlet | Noticed a glowing orange brain
 14932 | Gauntlet | Noticed a glowing orange brain
 14935 | Gauntlet | Found a transporter.
 14960 | Gauntlet | Found a transporter.
 14962 | Gauntlet | Found a transporter.
 14962 | Gauntlet | Noticed an orange crystal statue
 15021 | Gauntlet | Learned a level 5 spell: Fireball
 15027 | Gauntlet | Killed an orange crystal statue
 15085 | Gauntlet | Got a pair of buzzing gloves
 15091 | Gauntlet | Identified the cursed -5 pair of gloves "Cusanok" {SInv}
                  | (You found it in a Gauntlet)
 15153 | Gauntlet | Noticed a minotaur
 15166 | Gauntlet | Killed a minotaur
 15166 | Gauntlet | Reached **** piety under Vehumet
 15217 | Gauntlet | Identified Qearukk's Catalogue of Enhancements
 15219 | Gauntlet | Got an ichor-stained flail
 15323 | D:11     | Identified the +5 flail "Toax" {freeze, rPois Str+3} (You
                  | found it in a Gauntlet)
 15507 | D:11     | Learned a level 6 spell: Statue Form
 15587 | D:11     | Offered knowledge of Lightning Bolt by Vehumet.
 15762 | D:11     | Reached skill level 14 in Spellcasting
 15870 | D:11     | Reached XP level 12. HP: 41/59 MP: 5/32
 16361 | D:11     | Noticed a two-headed ogre
 16364 | D:11     | Killed a two-headed ogre
 16742 | D:12     | Reached skill level 1 in Polearms
 17102 | D:12     | Reached skill level 15 in Spellcasting
 17438 | D:12     | Found Arir Qemp's Antique Weapon Shoppe.
 17775 | D:12     | Reached ***** piety under Vehumet
 17779 | D:12     | Offered knowledge of Airstrike by Vehumet.
 17781 | D:12     | Reached skill level 16 in Spellcasting
 17992 | D:12     | Noticed a four-headed hydra
 18141 | D:12     | Found a staircase to the Orcish Mines.
 18462 | D:13     | Noticed a seven-headed hydra
 18467 | D:13     | Killed a seven-headed hydra
 18476 | D:13     | Noticed a five-headed hydra
 18547 | D:12     | Killed a four-headed hydra
 18547 | D:12     | Reached XP level 13. HP: 30/63 MP: 0/35
 18871 | D:13     | Reached skill level 17 in Spellcasting
 20031 | D:13     | Reached skill level 18 in Spellcasting
 20034 | D:13     | Found a gate to the Vaults.
 21126 | D:14     | Noticed Nessos
 21129 | D:14     | Killed Nessos
 22072 | D:14     | Reached skill level 19 in Spellcasting
 22074 | D:14     | Noticed Kirke
 22077 | D:14     | Killed Kirke
 22077 | D:14     | Reached XP level 14. HP: 68/68 MP: 18/39
 22263 | D:15     | Entered Level 15 of the Dungeon
 23507 | D:15     | Reached skill level 20 in Spellcasting
 23519 | D:15     | Found a staircase to the Depths.
 23885 | D:15     | Offered knowledge of Starburst by Vehumet.
 25046 | Lair:1   | Entered Level 1 of the Lair of Beasts
 27036 | Lair:2   | Reached skill level 21 in Spellcasting
 27333 | Lair:2   | Noticed Urug
 27345 | Lair:2   | Killed Urug
 27708 | Lair:2   | Offered knowledge of Conjure Ball Lightning by Vehumet.
 28017 | Lair:3   | Reached XP level 15. HP: 72/72 MP: 33/42
 30335 | Lair:4   | Found a hole to the Spider Nest.
 30529 | Lair:4   | Noticed Josephine
 30535 | Lair:4   | Killed Josephine
 30810 | Lair:4   | Reached skill level 22 in Spellcasting
 32363 | Lair:4   | Found a staircase to the Swamp.
 33451 | Lair:6   | Entered Level 6 of the Lair of Beasts
 33471 | Lair:6   | Found a dark tunnel.
 33595 | Volcano  | Entered a volcano
 34001 | Volcano  | Found a bloodstained altar of Trog.
 34258 | Lair:6   | Found a viscous altar of Jiyva.
 34258 | Lair:6   | Found a staircase to the Slime Pits.
 34300 | Lair:6   | HP: 2/93 [crocodile (11)]
 34301 | Lair:6   | Slain by a komodo dragon

Illustrated notes

Levels and vault maps discovered:
D:1:      dpeg_arrival_oval, layout_basic, minmay_misc_feat_plants,
          glass_columns_a
D:2:      layout_rooms, first_ration
D:3:      layout_rooms, gup_sewer_entry_glass
D:4:      layout_cave_pods, gammafunk_ghost_nasty_kobolds
D:5:      layout_basic, led_sif_pool, serial_shops, kennysheep_mini,
          item_on_display_a
D:6:      layout_rooms, minmay_temple_entry_nine_rooms,
          gammafunk_ghost_mausoleum
D:7:      layout_basic
D:8:      layout_loops_corners, serial_shops, shop_fountains, grunt_ogre_cave
D:9:      minmay_the_grid_triangle_9x9_rhombus_thin
          [minmay_the_grid_triangle_9x9_tough_junction,
          minmay_the_grid_triangle_9x9_prize_center,
          minmay_the_grid_triangle_9x9_corrupted_corridor,
          minmay_the_grid_triangle_9x9_sprig], layout_loops_corners,
          chequers_temple_overflow_statue_of_worship,
          grunt_lair_entry_orc_guard_hut, serial_shops,
          nicolae_shop_overgrown_old_shop, shop, shop, nicolae_shop_statue_plus,
          uniq_maurice
D:10:     layout_cave_pods, enter_trove_2
D:11:     layout_basic, gauntlet_entry_generic, minmay_splitting_lines
D:12:     layout_roguey, david_orc_2, serial_shops, nicolae_shop_statue_plus,
          minmay_misc_feat_pillars
D:13:     layout_cave_pools, grunt_vaults_entry_fortified,
          minmay_misc_feat_tiny, grunt_tough_drop
D:14:     layout_stronghold, minmay_misc_feat_alley, uniq_nessos, uniq_kirke
D:15:     grunt_enter_depths_snipers, layout_gridville,
          roderic_lattice_octagonal_star, minivault_7
Temple:   eino_narrow_crystal_temple
Lair:1:   layout_gridlike, serial_bayou_shore_b, grunt_megastairs_2,
          infiniplex_staircase_pool_2
Lair:2:   cheibrodos_lair_river_kwai, layout_chaotic_city, beast_lair_carwin_9,
          uniq_urug
Lair:3:   regret_index_tunnel_blossom, layout_long_grid, serial_bayou_shore_b
Lair:4:   layout_cave_pods, palyth_hydra_swamp_entry,
          nicolae_spider_entry_tight_spaces, st_stairs_4, serial_bayou_shore_a,
          uniq_josephine
Lair:5:   layout_regular_city
Lair:6:   grunt_lair_end_beastmaster, layout_regular_city, slime_altar_1,
          enter_volcano_3

Skill      XL: |  1  2  3  4  5  6  7  8  9 10 11 12 13 14 15 |
---------------+----------------------------------------------+-----
Earth Magic    | 4 5 6 8 10 12 14 15 16 17 18 19 | 19.1
Spellcasting   | 4 5 6 8 9 11 12 14 16 19 21 22 | 22.9
Conjurations   | 1 2 3 5 6 7 8 |  8.9
Polearms       | 1 2 |  2.5
Transmutations | 2 3 4 |  4.1
Dodging        | |  2.4
Stealth        | |  2.4

Action                   |  1- 3 |  4- 6 |  7- 9 | 10-12 | 13-15 || total
-------------------------+-------+-------+-------+-------+-------++-------
Melee: Unarmed           |    15 |       |       |       |       ||    15
       Short sword       |    17 |       |    35 |       |       ||    52
       Dagger            |     5 |   180 |       |       |       ||   185
       Staff             |       |       |       |     4 |       ||     4
       Halberd           |       |       |       |    35 |   199 ||   234
 Cast: Sandblast         |    52 |    75 |    26 |    30 |    35 ||   218
       Stone Arrow       |       |    21 |   124 |    85 |    55 ||   285
       Lee's Rapid Decon |       |       |    33 |    92 |   156 ||   281
       Petrify           |       |       |     1 |       |     2 ||     3
       Iron Shot         |       |       |       |    41 |   221 ||   262
       Statue Form       |       |       |       |     6 |    53 ||    59
       Fireball          |       |       |       |     1 |       ||     1
 Abil: End Transformatio |       |       |       |     5 |    48 ||    53
  Use: Scroll            |       |     5 |     4 |    10 |    11 ||    30
       Potion            |       |       |       |    15 |     6 ||    21
 Stab: Sleeping          |     1 |       |       |       |       ||     1
  Eat: Chunk             |     2 |     9 |    19 |    21 |    34 ||    85
       Ration            |       |       |     2 |     4 |     5 ||    11
Armor: Robe              |     4 |       |       |       |       ||     4
       Leather armour    |    12 |    68 |    13 |     6 |    15 ||   114
       Skin              |       |       |       |    68 |   521 ||   589
Dodge: Dodged            |    35 |   145 |    42 |    73 |   603 ||   898
